 Dungeon Crawl Stone Soup version 0.24.0-1-gfbc8707122 (webtiles) character file.

Game seed: 14919770552733162181, levelgen mode: deterministic

180 Froggeryz the Chopper (level 5, -3/48 HPs)
             Began as a Minotaur Fighter on Oct 27, 2019.
             Killed from afar by an orc wizard (6 damage)
             ... with a magic dart
             ... on level 4 of the Dungeon.
             The game lasted 00:03:16 (2222 turns).

Froggeryz the Chopper (Minotaur Fighter)            Turns: 2222, Time: 00:03:18

Health: -3/48      AC:  9    Str: 21    XL:     5   Next: 33%
Magic:  4/4        EV: 12    Int: 10    God:
Gold:   194        SH: 10    Dex: 15    Spells: 4/4 levels left

rFire    . . .     SeeInvis .   a - +0 war axe
rCold    . . .     Gourm    .   c - +0 shield
rNeg     . . .     Faith    .   b - +0 scale mail
rPois    .         Spirit   .   (helmet restricted)
rElec    .         Reflect  .   l - +0 cloak
rCorr    .         Harm     .   g - +0 pair of gloves
MR       .....                  (no boots)
Stlth    +.........             (no amulet)
HPRegen  0.16/turn              (no ring)
MPRegen  0.09/turn              (no ring)

@: brilliant, agile, lethally poisoned (-3 -> -4)
A: retaliatory headbutt, horns 2
a: no special abilities


You were on level 4 of the Dungeon.
You were hungry.

You visited 1 branch of the dungeon, and saw 4 of its levels.

You collected 194 gold pieces.

Inventory:

Hand Weapons
 a - a +0 war axe (weapon)
Armour
 b - a +0 scale mail (worn)
 c - a +0 shield (worn)
 g - a +0 pair of gloves (worn)
 l - a +0 cloak (worn)
Scrolls
 e - 4 scrolls of magic mapping {unknown}
 h - a scroll of blinking {unknown}
 i - 2 scrolls of teleportation {unknown}
 k - 2 scrolls of remove curse {unknown}
 m - a scroll of enchant weapon {unknown}
 o - a scroll of identify {unknown}
Potions
 d - a potion of might
Comestibles
 f - 9 rations


   Skills:
 + Level 5.1 Fighting
 * Level 5.7 Axes
 - Level 3.6 Armour
 - Level 3.6 Shields


You had 4 spell levels left.
You didn't know any spells.
Your spell library was empty.

Dungeon Overview and Level Annotations

Branches:
Dungeon (4/15)
 Temple: D:4-7

Altars:


Innate Abilities, Weirdness & Mutations

You reflexively headbutt those who attack you in melee.
You have a pair of horns on your head.


Message History

Press: ? - help, v - describe, . - travel, g - get item A +0 club.
There is something else lying underneath.
The floor.
Unknown command.
It was a potion of brilliance.
You feel clever all of a sudden.
You are feeling hungry.
You block the orc priest's attack. You block something's attack.
You closely miss the orc priest. Your headbutt misses the orc priest.
The orc priest is lightly wounded.
You hit something.
You feel sick. Something hits you but does no damage.
The orc priest miscasts a cantrip.
You slash the orc priest! Your headbutt misses the orc priest.
The orc priest is almost dead.
You miss something.
You hear some strange, mumbled words.
A magic dart appears from out of thin air!
The magic dart hits you.
You die...

..... ........# ###..#
#.....###########
..#..###.....#..........
..#......†...#..........
..#..........#..........
..#..........#..........
..'......)...#......>...
..#..........#.o........
..#..........#.)@.......
..######.....#..†..?....
.......####'##.....####+
##.................#
+.................#
#.................+
#.................#
#............#+####
######.......#


You could see an orc priest.

Vanquished Creatures
  A centaur skeleton (D:4)
  A worker ant (D:4)
  3 gnolls (D:2)
  2 adders
  3 leopard geckos
  4 orcs
  3 giant cockroaches
  10 goblins
  14 hobgoblins
  5 jackals (D:2)
  3 quokkas
  6 bats
  3 frilled lizards
  8 kobolds
  6 rats
72 creatures vanquished.

Notes
Turn   | Place    | Note
-------+----------+-------------------------------------------
     0 | D:1      | Froggeryz the Minotaur Fighter began the quest for the Orb.
     0 | D:1      | Reached XP level 1. HP: 19/19 MP: 0/0
    56 | D:1      | Reached XP level 2. HP: 27/27 MP: 1/1
   767 | D:2      | Reached XP level 3. HP: 33/33 MP: 2/2
  1077 | D:2      | Reached XP level 4. HP: 17/41 MP: 3/3
  1117 | D:2      | HP: 2/41 [poisoned by a gnoll]
  1125 | D:2      | HP: 1/41 [poisoned by a gnoll]
  1724 | D:3      | Reached skill level 5 in Axes
  2215 | D:4      | Reached skill level 5 in Fighting
  2215 | D:4      | Reached XP level 5. HP: 25/48 MP: 4/4
  2222 | D:4      | Killed from afar by an orc wizard

Levels and vault maps discovered:
D:1:      lightli_arrival_boilingwater, layout_basic, bh_walls_and_bars
D:2:      layout_loops_ring, minmay_misc_feat_enclosed
D:3:      layout_rooms
D:4:      layout_gridville, first_ration, kennysheep_small_circle

Skill      XL: |  1  2  3  4 |
---------------+-------------+-----
Axes           | 3 4 5 |  5.7
Fighting       | 4 5 |  5.1
Armour         | |  3.6
Shields        | |  3.6

Action                   |  1- 3 |  4- 6 || total
-------------------------+-------+-------++-------
Melee: War axe           |   109 |    70 ||   179
       Headbutt          |    12 |     6 ||    18
  Use: Potion            |       |     4 ||     4
  Eat: Chunk             |     1 |     3 ||     4
Armor: Scale mail        |    47 |    23 ||    70
       Skin              |       |     2 ||     2
Dodge: Dodged            |    25 |    16 ||    41
Block: Shield            |    58 |    35 ||    93
